[Event "GER-ch Women 2020"]
[Site "Magdeburg"]
[Date "2020.08.16"]
[Round "1.5"]
[White "Brunner, Sophia"]
[Black "Von Herman, Brigitte"]
[Result "0-1"]
[ECO "A46"]
[WhiteElo "1881"]
[BlackElo "2085"]
[Annotator "ChessBase"]
[PlyCount "75"]
[EventDate "2020.08.16"]
[EventType "swiss"]
[EventCountry "GER"]
[SourceTitle "playchess.com"]
[Source "ChessBase"]
[SourceQuality "1"]
[TimeControl "40/5400+30:1800+30"]

1. d4 Nf6 2. Nf3 d5 3. Nbd2 Bf5 4. e3 e6 5. c4 c6 6. Be2 h6 7. O-O Nbd7 8. Re1 Be7 9. Nf1 Ne4 10. Ng3 Nxg3 11. hxg3 Nf6 12. Bd2 Ne4 13. Bc3 h5 14. Ne5 g6 15. Bd3 f6 16. Nf3 Qc7 17. Nh4 O-O-O 18. c5 g5 19. Nxf5 exf5 20. Bxe4 dxe4 21. b4 Rd5 22. a4 h4 23. g4 fxg4 24. Qxg4+ f5 25. Qh3 Bd8 26. f3 Qd7 27. fxe4 g4 28. Qh2 fxe4 29. Qf4 Qe6 30. Rf1 Bg5 31. Qf2 g3 32. Qe1 Qg4 33. Qd1 Qe6 34. Qe1 Qg4 35. Qd1 Bxe3+ 36. Kh1 Qg5 37. Re1 h3 38. Re2 0-1

[Event "GER-ch Women 2020"]
[Site "Magdeburg"]
[Date "2020.08.16"]
[Round "1.6"]
[White "Kopylov, Luba"]
[Black "Butenandt, Svenja"]
[Result "0-1"]
[ECO "E39"]
[WhiteElo "2027"]
[BlackElo "1879"]
[Annotator "ChessBase"]
[PlyCount "60"]
[EventDate "2020.08.16"]
[EventType "swiss"]
[EventCountry "GER"]
[SourceTitle "playchess.com"]
[Source "ChessBase"]
[SourceQuality "1"]
[TimeControl "40/5400+30:1800+30"]

1. d4 Nf6 2. c4 e6 3. Nc3 Bb4 4. Qc2 c5 5. dxc5 O-O 6. Nf3 Na6 7. g3 Nxc5 8. Bg2 Nce4 9. O-O Nxc3 10. bxc3 Bc5 11. e4 d6 12. e5 dxe5 13. Nxe5 Qc7 14. Qe2 Nd7 15. Bf4 Nxe5 16. Bxe5 Bd6 17. Bxd6 Qxd6 18. Rfd1 Qc7 19. Rab1 Rb8 20. Rb5 b6 21. Rd4 Ba6 22. Rg5 Rbc8 23. Be4 f5 24. Bd3 e5 25. c5 exd4 26. Bxa6 Rce8 27. Bc4+ Kh8 28. Rxf5 dxc3 29. Bb5 Rd8 30. Re5 c2 0-1

[Event "GER-ch Women 2020"]
[Site "Magdeburg"]
[Date "2020.08.16"]
[Round "1.8"]
[White "Bardorz, Jana"]
[Black "Heutling, Elina"]
[Result "0-1"]
[ECO "C47"]
[WhiteElo "2000"]
[BlackElo "1833"]
[Annotator "ChessBase"]
[PlyCount "92"]
[EventDate "2020.08.16"]
[EventType "swiss"]
[EventCountry "GER"]
[SourceTitle "playchess.com"]
[Source "ChessBase"]
[SourceQuality "1"]
[TimeControl "40/5400+30:1800+30"]

1. e4 e5 2. Nf3 Nc6 3. Nc3 Nf6 4. d4 exd4 5. Nxd4 Bb4 6. Nxc6 bxc6 7. Bd3 d5 8. exd5 cxd5 9. O-O O-O 10. h3 Be6 11. Qf3 c6 12. Ne2 Qd7 13. Bg5 Be7 14. Rad1 h6 15. Bc1 Nh7 16. Nd4 Ng5 17. Qh5 f5 18. Rfe1 Bf7 19. Qe2 Ne4 20. f3 Bc5 21. fxe4 Bxd4+ 22. Be3 Bxb2 23. exf5 Rfe8 24. Qg4 h5 25. Qf3 Bc3 26. Re2 Rab8 27. Bg5 Bd4+ 28. Kh1 Rxe2 29. Bxe2 Be5 30. f6 Qe6 31. fxg7 Kxg7 32. Bd3 Bd6 33. Rf1 Be5 34. Bf5 Qd6 35. g4 d4 36. Be4 Bc4 37. Bd3 Bd5 38. Be4 Rf8 39. Bh6+ Kxh6 40. Qxf8+ Qxf8 41. Rxf8 Bxe4+ 42. Kg1 Bxc2 43. Re8 Bf4 44. Re6+ Kg7 45. Rxc6 d3 46. Kf2 d2 0-1

[Event "GER-ch Women 2020"]
[Site "Magdeburg"]
[Date "2020.08.16"]
[Round "1.9"]
[White "Hielscher, Ursula"]
[Black "Rogozenco, Teodora"]
[Result "1-0"]
[ECO "E20"]
[WhiteElo "1789"]
[BlackElo "1979"]
[Annotator "ChessBase"]
[PlyCount "79"]
[EventDate "2020.08.16"]
[EventType "swiss"]
[EventCountry "GER"]
[SourceTitle "playchess.com"]
[Source "ChessBase"]
[SourceQuality "1"]
[TimeControl "40/5400+30:1800+30"]

1. d4 Nf6 2. c4 e6 3. Nc3 Bb4 4. Bd2 b6 5. e3 Bb7 6. Nf3 O-O 7. Be2 d6 8. O-O Nbd7 9. a3 Bxc3 10. Bxc3 Ne4 11. Be1 f5 12. Nd2 Qg5 13. f4 Qh6 14. Rf3 Rf6 15. Rh3 Qg6 16. Bh5 Qh6 17. Nxe4 Bxe4 18. Bh4 Rg6 19. Bg5 Rxg5 20. fxg5 Qxg5 21. Rg3 Qe7 22. Bf3 Nf6 23. Bxe4 fxe4 24. Qc2 a5 25. Rc1 a4 26. c5 bxc5 27. dxc5 d5 28. c6 e5 29. Qc3 h6 30. Rf1 Qe6 31. Rg6 Kh7 32. Rg3 Rb8 33. Qa5 Qxc6 34. Qd2 Qd7 35. Qf2 d4 36. Qd2 c5 37. Rc1 Qb5 38. exd4 cxd4 39. Rc7 Rb7 40. Rgxg7+ 1-0

[Event "GER-ch Women 2020"]
[Site "Magdeburg"]
[Date "2020.08.16"]
[Round "1.10"]
[White "Bashylina, Luisa"]
[Black "Roos, Karin"]
[Result "1-0"]
[ECO "B53"]
[WhiteElo "1975"]
[BlackElo "1772"]
[Annotator "NA"]
[PlyCount "47"]
[EventDate "2020.08.16"]
[EventType "swiss"]
[EventCountry "GER"]
[SourceTitle "playchess.com"]
[Source "ChessBase"]
[SourceQuality "1"]
[TimeControl "40/5400+30:1800+30"]

1. e4 c5 2. Nf3 d6 3. d4 cxd4 4. Qxd4 Nc6 5. Bb5 e5 6. Qd3 Nf6 {[%emt 0:13:09] B53: Sicilian: 2...d6: Lines with Qxd4.} 7. Bg5 Be7 8. c4 O-O 9. Bxc6 bxc6 10. Nc3 {[%emt 0:00:40] [#]} Qc7 $146 ({Predecessor:} 10... Be6 11. O-O Rb8 12. b3 Qa5 13. Rac1 Rbd8 14. Rfd1 h6 15. Bxf6 Bxf6 16. Qb1 Qb4 {0-1 (47) Scripcaru,G (1907)-Daianu,C (2242) Sarata Monteoru 2012}) 11. O-O Ba6 12. b4 Rab8 13. b5 cxb5 14. cxb5 Bb7 15. Rac1 Qd7 16. Rfd1 Rfd8 17. Qe3 a6 18. bxa6 Bxa6 19. Nxe5 Qe6 20. Nc6 h6 21. Nxd8 Rxd8 22. Bxf6 Bxf6 $18 23. Nd5 Be5 24. Qb6 1-0

[Event "GER-ch Women 2020"]
[Site "Magdeburg"]
[Date "2020.08.16"]
[Round "1.11"]
[White "Dietrich, Mareike"]
[Black "Kuehnel, Lena"]
[Result "1-0"]
[ECO "C56"]
[WhiteElo "1699"]
[BlackElo "1972"]
[Annotator "ChessBase"]
[PlyCount "115"]
[EventDate "2020.08.16"]
[EventType "swiss"]
[EventCountry "GER"]
[SourceTitle "playchess.com"]
[Source "ChessBase"]
[SourceQuality "1"]
[TimeControl "40/5400+30:1800+30"]

1. e4 e5 2. Nf3 Nc6 3. Bc4 Nf6 4. d4 exd4 5. O-O Nxe4 6. Re1 d5 7. Bxd5 Qxd5 8. Nc3 Qa5 9. Nxe4 Be6 10. Neg5 O-O-O 11. Nxe6 fxe6 12. Rxe6 Bd6 13. Bg5 Rde8 14. Qe2 Kd7 15. Rxe8 Rxe8 16. Qd3 h6 17. Bh4 g5 18. Bg3 g4 19. Nd2 Bxg3 20. hxg3 Qe5 21. Nb3 Re6 22. Rd1 Rd6 23. Kf1 Qh5 24. Qh7+ Kc8 25. Qg8+ Rd8 26. Qe6+ Kb8 27. Kg1 a6 28. Re1 Qg5 29. a3 d3 30. cxd3 Rxd3 31. Qc4 Qd8 32. Nc5 Qd5 33. Qxd3 Qxc5 34. Re8+ Ka7 35. Qe3 Kb6 36. Qxc5+ Kxc5 37. Re4 h5 38. Kf1 b5 39. Rf4 Nd4 40. Ke1 Kc4 41. Kd2 c5 42. b4 Kd5 43. bxc5 Kxc5 44. Kd3 Nb3 45. Rf5+ Kb6 46. Rxh5 Ka5 47. Kc3 Ka4 48. Rh6 a5 49. Rb6 Nc1 50. Re6 Kxa3 51. f4 gxf3 52. gxf3 b4+ 53. Kc2 b3+ 54. Kxc1 Ka2 55. Rb6 a4 56. Rb4 a3 57. Rxb3 Kxb3 58. Kb1 1-0

[Event "GER-ch Women 2020"]
[Site "Magdeburg"]
[Date "2020.08.17"]
[Round "2.1"]
[White "Osmanodja, Filiz"]
[Black "Bashylina, Luisa"]
[Result "0-1"]
[ECO "C15"]
[WhiteElo "2293"]
[BlackElo "1975"]
[Annotator "ChessBase"]
[PlyCount "90"]
[EventDate "2020.08.16"]
[EventType "swiss"]
[EventCountry "GER"]
[SourceTitle "playchess.com"]
[Source "ChessBase"]
[SourceQuality "1"]
[TimeControl "40/5400+30:1800+30"]

1. e4 e6 2. d4 d5 3. Nc3 Bb4 4. exd5 exd5 5. Bd3 Nf6 6. Nge2 O-O 7. O-O h6 8. a3 Be7 9. Ng3 Re8 10. Nf5 Bf8 11. Ne2 Ne4 12. Neg3 Nc6 13. c3 Qf6 14. Ne3 Qd8 15. Qf3 Nf6 16. Nef5 Be6 17. Bd2 Na5 18. Rae1 Nc4 19. Bc1 c6 20. Re2 b5 21. Rfe1 a5 22. Nh5 Nxh5 23. Qxh5 Qf6 24. Qf3 Kh8 25. Bf4 Bd7 26. Nxh6 Bd6 27. Rxe8+ Rxe8 28. Rxe8+ Bxe8 29. Nf5 Bxf4 30. Qxf4 Nxb2 31. Bc2 a4 32. Qe3 Bd7 33. g4 Nc4 34. Qg3 Bxf5 35. Bxf5 g6 36. Bd7 Nxa3 37. g5 Qe7 38. Qh4+ Kg8 39. Bxc6 Qd6 40. Ba8 Nb1 41. Qg4 a3 42. Qf3 Nd2 43. Qd1 a2 44. Qa1 Qa3 45. Bxd5 Nb3 0-1

[Event "GER-ch Women 2020"]
[Site "Magdeburg"]
[Date "2020.08.17"]
[Round "2.2"]
[White "Butenandt, Svenja"]
[Black "Voicu-Jagodzinsky, Carmen"]
[Result "0-1"]
[ECO "D32"]
[WhiteElo "1879"]
[BlackElo "2244"]
[Annotator "ChessBase"]
[PlyCount "76"]
[EventDate "2020.08.16"]
[EventType "swiss"]
[EventCountry "GER"]
[SourceTitle "playchess.com"]
[Source "ChessBase"]
[SourceQuality "1"]
[TimeControl "40/5400+30:1800+30"]

1. d4 d5 2. c4 e6 3. Nc3 c5 4. cxd5 exd5 5. Nf3 Nc6 6. dxc5 d4 7. Na4 Bxc5 8. Nxc5 Qa5+ 9. Bd2 Qxc5 10. e3 Qb6 11. exd4 Qxb2 12. Qc1 Qxc1+ 13. Rxc1 Be6 14. Bc4 Bxc4 15. Rxc4 Nge7 16. O-O Rd8 17. Rd1 f6 18. Be3 Kf7 19. Rc5 Rd5 20. Rxd5 Nxd5 21. Rb1 b6 22. Rc1 Rc8 23. Kf1 Ke6 24. g4 Rc7 25. Re1 Kd7 26. Rc1 a5 27. g5 Ncb4 28. Rxc7+ Kxc7 29. gxf6 gxf6 30. a3 Nxe3+ 31. fxe3 Nc2 32. Ke2 Nxa3 33. Kd3 b5 34. Nd2 f5 35. Kc3 Kc6 36. Kb3 b4 37. Ka4 Kd5 38. Kxa5 Nc4+ 0-1

[Event "GER-ch Women 2020"]
[Site "Magdeburg"]
[Date "2020.08.17"]
[Round "2.3"]
[White "Vidonyak, Nellya"]
[Black "Hielscher, Ursula"]
[Result "1-0"]
[ECO "D00"]
[WhiteElo "2136"]
[BlackElo "1789"]
[Annotator "ChessBase"]
[PlyCount "77"]
[EventDate "2020.08.16"]
[EventType "swiss"]
[EventCountry "GER"]
[SourceTitle "playchess.com"]
[Source "ChessBase"]
[SourceQuality "1"]
[TimeControl "40/5400+30:1800+30"]

1. d4 d5 2. e3 c6 3. b3 Bf5 4. Nf3 e6 5. Be2 Bb4+ 6. c3 Ba5 7. O-O Nf6 8. b4 Bc7 9. b5 O-O 10. a4 cxb5 11. Bxb5 a6 12. Be2 Nbd7 13. Nbd2 Rc8 14. Ba3 Re8 15. Qb3 b5 16. axb5 axb5 17. Bxb5 Rb8 18. c4 dxc4 19. Qxc4 e5 20. Rfc1 Ba5 21. Bxd7 Nxd7 22. e4 Be6 23. d5 Bg4 24. Qd3 Bb4 25. Bxb4 Rxb4 26. h3 Bh5 27. Qc3 Rb8 28. Ra7 Ra8 29. Rc7 f6 30. Qc6 Re7 31. d6 Rf7 32. Nh4 Nf8 33. Nf5 Ne6 34. Ne7+ Kh8 35. Rc8 Rxc8 36. Qxc8 Qxc8 37. Rxc8+ Rf8 38. d7 Nd8 39. Nc6 1-0

[Event "GER-ch Women 2020"]
[Site "Magdeburg"]
[Date "2020.08.17"]
[Round "2.4"]
[White "Heutling, Elina"]
[Black "Burchardt, Brigitte"]
[Result "0-1"]
[ECO "B90"]
[WhiteElo "1833"]
[BlackElo "2091"]
[Annotator "ChessBase"]
[PlyCount "78"]
[EventDate "2020.08.16"]
[EventType "swiss"]
[EventCountry "GER"]
[SourceTitle "playchess.com"]
[Source "ChessBase"]
[SourceQuality "1"]
[TimeControl "40/5400+30:1800+30"]

1. e4 c5 2. Nf3 d6 3. d4 cxd4 4. Nxd4 Nf6 5. Nc3 a6 6. Be3 e5 7. Nb3 Be6 8. f3 Nbd7 9. Qd2 Rc8 10. g4 Nb6 11. Qf2 Nfd7 12. O-O-O Be7 13. h4 O-O 14. g5 Rxc3 15. bxc3 d5 16. Nc5 Nxc5 17. Bxc5 Na4 18. Bxe7 Qxe7 19. Rd3 dxe4 20. fxe4 Bc4 21. Qd2 Qa3+ 22. Kd1 Bxd3 23. Bxd3 Nxc3+ 24. Ke1 Qc5 25. h5 Nb1 26. Qc1 Qb4+ 27. Kf2 Nc3 28. Qe1 f5 29. exf5 e4 30. Be2 Rxf5+ 31. Kg2 Rxg5+ 32. Kh3 e3 33. Rf1 h6 34. Bf3 Qc5 35. a3 Qf5+ 36. Kh2 Qf4+ 37. Kh1 Ne4 38. Bxe4 Qxe4+ 39. Kh2 Qg2# 0-1

[Event "GER-ch Women 2020"]
[Site "Magdeburg"]
[Date "2020.08.17"]
[Round "2.5"]
[White "Von Herman, Brigitte"]
[Black "Stowicek, Yara Mathilda"]
[Result "1/2-1/2"]
[ECO "C50"]
[WhiteElo "2085"]
[BlackElo "1674"]
[Annotator "ChessBase"]
[PlyCount "88"]
[EventDate "2020.08.16"]
[EventType "swiss"]
[EventCountry "GER"]
[SourceTitle "playchess.com"]
[Source "ChessBase"]
[SourceQuality "1"]
[TimeControl "40/5400+30:1800+30"]

1. e4 e5 2. Nf3 Nc6 3. Bc4 Bc5 4. d3 Nf6 5. O-O d6 6. c3 O-O 7. Nbd2 a6 8. Bb3 Ba7 9. h3 Be6 10. Re1 h6 11. Nf1 Qd7 12. Ng3 Ne7 13. d4 Bxb3 14. axb3 Ng6 15. Be3 Rfe8 16. d5 Nf4 17. Nh4 Kh7 18. Bxa7 Rxa7 19. Qf3 Raa8 20. Ne2 N6h5 21. g4 Nxe2+ 22. Rxe2 Nf4 23. Ree1 Rf8 24. Ng2 Nxg2 25. Kxg2 g6 26. Qf6 Qd8 27. Qxd8 Raxd8 28. Ra4 f5 29. gxf5 gxf5 30. f4 Rd7 31. exf5 Rg7+ 32. Kh1 Rxf5 33. fxe5 dxe5 34. Rb4 Rf3 35. Kh2 Rf2+ 36. Kh1 Rgg2 37. Rxb7 Rh2+ 38. Kg1 Rfg2+ 39. Kf1 Rf2+ 40. Kg1 Rfg2+ 41. Kf1 Rxb2 42. Rxc7+ Kg6 43. Kg1 Rhg2+ 44. Kh1 Rh2+ 1/2-1/2

[Event "GER-ch Women 2020"]
[Site "Magdeburg"]
[Date "2020.08.17"]
[Round "2.6"]
[White "Bluebaum, Johanna"]
[Black "Dietrich, Mareike"]
[Result "1/2-1/2"]
[ECO "E43"]
[WhiteElo "2011"]
[BlackElo "1699"]
[Annotator "ChessBase"]
[PlyCount "68"]
[EventDate "2020.08.16"]
[EventType "swiss"]
[EventCountry "GER"]
[SourceTitle "playchess.com"]
[Source "ChessBase"]
[SourceQuality "1"]
[TimeControl "40/5400+30:1800+30"]

1. d4 Nf6 2. c4 e6 3. Nc3 Bb4 4. e3 b6 5. Bd3 Bb7 6. Nf3 Ne4 7. Qc2 f5 8. O-O Nxc3 9. bxc3 Bxf3 10. gxf3 Bd6 11. e4 Qh4 12. e5 Be7 13. d5 g5 14. Kh1 Rg8 15. Rg1 Kf7 16. Be3 f4 17. Bd2 Na6 18. dxe6+ dxe6 19. Rg4 Qxf2 20. Rf1 Qc5 21. Bxh7 Rg7 22. Bxf4 Rh8 23. Be4 gxf4 24. Rxf4+ Ke8 25. Qa4+ b5 26. cxb5 Qxe5 27. bxa6+ Kd8 28. Qd4+ Bd6 29. Qxe5 Bxe5 30. Rg4 Rxh2+ 31. Kg1 Rxa2 32. Rd1+ Ke7 33. Rxg7+ Bxg7 34. Bb7 Bxc3 1/2-1/2

[Event "GER-ch Women 2020"]
[Site "Magdeburg"]
[Date "2020.08.17"]
[Round "2.7"]
[White "Rogozenco, Teodora"]
[Black "Schumann, Rabea"]
[Result "1-0"]
[ECO "D80"]
[WhiteElo "1979"]
[BlackElo "1871"]
[Annotator "ChessBase"]
[PlyCount "93"]
[EventDate "2020.08.16"]
[EventType "swiss"]
[EventCountry "GER"]
[SourceTitle "playchess.com"]
[Source "ChessBase"]
[SourceQuality "1"]
[TimeControl "40/5400+30:1800+30"]

1. d4 Nf6 2. c4 g6 3. Nc3 d5 4. Bg5 Bg7 5. e3 c6 6. Bd3 O-O 7. Nf3 Bg4 8. h3 Bxf3 9. Qxf3 Qa5 10. Bxf6 Bxf6 11. cxd5 cxd5 12. Qxd5 Qb4 13. Qb3 Nc6 14. O-O e6 15. Qxb4 Nxb4 16. Be4 Rab8 17. Rac1 a5 18. a3 Na6 19. Nb5 Rfd8 20. Bf3 Kf8 21. Rc4 Be7 22. Ra4 b6 23. b4 Rdc8 24. bxa5 Rc2 25. Rb1 bxa5 26. Rxa5 Nc7 27. Be4 Rc4 28. Bd3 Rc6 29. a4 Nxb5 30. axb5 Rc3 31. Be4 Bd8 32. Ra2 Bb6 33. Bc6 Bc7 34. Rba1 Rb3 35. Kf1 Bd6 36. Ke2 h6 37. Kd1 g5 38. Kc2 Rb4 39. Kc3 Rc8 40. Ra5 Kg7 41. f3 Kg6 42. e4 f6 43. Ra8 Rxa8 44. Rxa8 Rb1 45. e5 Bb4+ 46. Kc2 Rg1 47. b6 1-0

[Event "GER-ch Women 2020"]
[Site "Magdeburg"]
[Date "2020.08.17"]
[Round "2.8"]
[White "Mehling, Katharina"]
[Black "Kopylov, Luba"]
[Result "1-0"]
[ECO "B54"]
[WhiteElo "1947"]
[BlackElo "2027"]
[Annotator "ChessBase"]
[PlyCount "99"]
[EventDate "2020.08.16"]
[EventType "swiss"]
[EventCountry "GER"]
[SourceTitle "playchess.com"]
[Source "ChessBase"]
[SourceQuality "1"]
[TimeControl "40/5400+30:1800+30"]

1. e4 c5 2. Nf3 d6 3. d4 cxd4 4. Nxd4 Nf6 5. f3 g6 6. c4 Bg7 7. Nc3 Nc6 8. Nc2 O-O 9. Be3 Be6 10. Qd2 Nd7 11. Bh6 Qb6 12. Bxg7 Kxg7 13. Ne3 Qd4 14. O-O-O Qxd2+ 15. Rxd2 Rac8 16. b3 a5 17. Kb2 Nc5 18. a3 a4 19. b4 Nb3 20. Rd1 Ra8 21. Nb5 Rfc8 22. f4 f6 23. Be2 Bf7 24. Nd5 Ra6 25. Ndc3 Na7 26. Nxa7 Rxa7 27. Nxa4 Rxa4 28. Kxb3 b5 29. Rc1 Rca8 30. Ra1 f5 31. exf5 gxf5 32. Rhc1 Kf6 33. Kb2 bxc4 34. Bxc4 Bxc4 35. Rxc4 e5 36. fxe5+ dxe5 37. Kb3 R4a7 38. a4 e4 39. b5 e3 40. Re1 Re7 41. b6 e2 42. Kb4 Rd8 43. a5 Rd1 44. Rc1 Rd4+ 45. Kb5 Re5+ 46. Rc5 Ree4 47. Ka6 Rb4 48. Rb5 Kg5 49. Rxb4 Rxb4 50. Rxe2 1-0

[Event "GER-ch Women 2020"]
[Site "Magdeburg"]
[Date "2020.08.17"]
[Round "2.10"]
[White "Kuehnel, Lena"]
[Black "Reitz, Theresa"]
[Result "1/2-1/2"]
[ECO "B42"]
[WhiteElo "1972"]
[BlackElo "1942"]
[Annotator "NA"]
[PlyCount "72"]
[EventDate "2020.08.16"]
[EventType "swiss"]
[EventCountry "GER"]
[SourceTitle "playchess.com"]
[Source "ChessBase"]
[SourceQuality "1"]
[TimeControl "40/5400+30:1800+30"]

1. e4 c5 2. Nf3 e6 3. d4 cxd4 4. Nxd4 a6 5. Bd3 Bc5 6. Nb3 Ba7 7. O-O Nc6 8. c4 Nf6 9. Qe2 {[%emt 0:02:04] B42: Sicilian: Kan Variation: 5 Bd3.} Ne5 10. Nc3 d6 11. Kh1 {[%emt 0:03:45] [#]} Nfg4 $146 ({Predecessor:} 11... O-O 12. Be3 Bxe3 13. Qxe3 Qc7 14. Rac1 b6 15. f4 Nxd3 16. Qxd3 Bb7 17. Nd4 Rac8 {1-0 (26) Lepot,S (1982)-Peyre,C (1845) Pau 2008}) 12. Bf4 $2 (12. f4 $1 $11 Nxh2 13. fxe5 Nxf1 14. Qe1) 12... Nxf2+ 13. Rxf2 Bxf2 14. Bc2 Ba7 15. c5 Qf6 (15... f6 $19 16. Rd1 O-O) 16. Rf1 h5 ({But not} 16... dxc5 $6 17. Bg3 $11) 17. cxd6 g5 18. Be3 Qg7 19. Bxa7 Rxa7 20. Na4 Bd7 21. Nb6 Bb5 22. Qf2 Bxf1 23. Qxf1 Nc6 24. Nc5 Qxb2 25. Bb3 Rh6 26. d7+ Ke7 27. Nc8+ Kd8 28. Nxa7 Nxa7 29. Nxb7+ Kxd7 30. Qxf7+ Kc6 31. Nd8+ $18 {[%emt 0:03:01] Discovered Attack} Kd6 32. Nb7+ Ke5 33. Qg7+ Rf6 34. Qxg5+ Rf5 35. Qg7+ Kxe4 36. Nc5+ Ke3 1/2-1/2

[Event "GER-ch Women 2020"]
[Site "Magdeburg"]
[Date "2020.08.17"]
[Round "2.11"]
[White "Roos, Karin"]
[Black "Zimmer, Elke"]
[Result "0-1"]
[ECO "B07"]
[WhiteElo "1772"]
[BlackElo "1952"]
[Annotator "NA"]
[PlyCount "80"]
[EventDate "2020.08.16"]
[EventType "swiss"]
[EventCountry "GER"]
[SourceTitle "playchess.com"]
[Source "ChessBase"]
[SourceQuality "1"]
[TimeControl "40/5400+30:1800+30"]

1. e4 d6 2. d4 Nf6 3. Nc3 g6 4. Be3 Bg7 5. Qd2 e5 {[%emt 0:01:23] [#]} 6. Bc4 $146 {[%emt 0:01:34] B07: Pirc Defence: Miscellaneous Systems.} ({Predecessor:} 6. dxe5 dxe5 7. Qxd8+ Kxd8 8. Bc4 Be6 9. Bxe6 fxe6 10. Nf3 Nbd7 11. Nd2 Ng4 12. Bg5+ Bf6 13. Bxf6+ Ngxf6 {½-½ (30) Gulko,B (2584)-Perelshteyn,E (2442) Seattle 2003}) 6... exd4 7. Bxd4 Nc6 8. Be3 h5 9. f3 Na5 10. Bd3 Be6 11. Nge2 a6 12. Bg5 Qd7 (12... Nc4 $14 13. Bxc4 Bxc4) 13. Nf4 (13. Nd5 $1 $16 Bxd5 14. exd5 (14. Qxa5 Bc6 $14)) 13... Nc4 $2 {[%emt 0:02:31] [#]} (13... Nc6 $14) 14. Bxc4 $1 Bxc4 15. Qd4 $1 {[%emt 0:00:35] Double Attack} b5 16. O-O-O $2 (16. Ncd5 $18 {is more deadly.} Bxd5 17. Bxf6 (17. exd5 Qf5 $17) 17... Bxf6 18. Qxf6) 16... c5 17. Qxd6 $2 (17. Qd2 $16) 17... Qxd6 18. Rxd6 Nh7 19. Nh3 Be5 $2 (19... Nxg5 $17 20. Nxg5 Be5) 20. Rdd1 Nxg5 21. Nd5 Nxh3 22. gxh3 Bxd5 23. Rxd5 Bd4 24. c3 Be3+ 25. Kc2 Rd8 26. Re1 Bf4 27. Rxc5 Rd2+ 28. Kb3 O-O 29. Rc6 Ra8 30. e5 a5 31. Re4 Bxh2 32. f4 a4+ 33. Ka3 Bg1 34. e6 f5 35. Re5 Rb8 36. e7 Kf7 37. Ree6 $19 (37. e8=R $142 Rxe8 38. Rc7+ Kf8 39. Rxb5) 37... Bc5+ 38. b4 Bxe7 39. Rxg6 Rg8 40. Rh6 Rgg2 0-1

[Event "GER-ch Women 2020"]
[Site "Magdeburg"]
[Date "2020.08.18"]
[Round "3.5"]
[White "Just, Anita"]
[Black "Bluebaum, Johanna"]
[Result "1/2-1/2"]
[ECO "C14"]
[WhiteElo "1912"]
[BlackElo "2011"]
[Annotator "ChessBase"]
[PlyCount "127"]
[EventDate "2020.08.16"]
[EventType "swiss"]
[EventCountry "GER"]
[SourceTitle "playchess.com"]
[Source "ChessBase"]
[SourceQuality "1"]
[TimeControl "40/5400+30:1800+30"]

1. e4 e6 2. d4 d5 3. Nc3 Nf6 4. Bg5 Be7 5. e5 Nfd7 6. Bxe7 Qxe7 7. f4 a6 8. Nf3 c5 9. Qd2 Nc6 10. dxc5 Nxc5 11. O-O-O b5 12. Bd3 b4 13. Ne2 a5 14. Kb1 Ba6 15. Ned4 Nxd4 16. Nxd4 O-O 17. g4 a4 18. Nc6 Qb7 19. Nxb4 Rab8 20. a3 Rfc8 21. Rhe1 Bxd3 22. cxd3 Qe7 23. f5 Qh4 24. Rg1 Nb3 25. Qg2 Rb7 26. Qg3 Qxg3 27. Rxg3 Rbc7 28. Rgg1 d4 29. fxe6 fxe6 30. Rgf1 Rc5 31. Rfe1 Kf7 32. h4 Ke7 33. Ka2 Rf8 34. Rf1 Rfc8 35. Kb1 Rxe5 36. Rfe1 Rxe1 37. Rxe1 Nd2+ 38. Ka2 Nf3 39. Rf1 Nxh4 40. Rf4 e5 41. Rf2 Ke6 42. b3 axb3+ 43. Kxb3 Rc3+ 44. Kb2 Ng6 45. Rc2 Rxc2+ 46. Kxc2 Ne7 47. Kd2 g6 48. Ke2 h5 49. gxh5 gxh5 50. Kf3 Kf5 51. a4 h4 52. a5 Nc8 53. Nc6 h3 54. a6 h2 55. Kg2 Kf4 56. Kxh2 e4 57. Nxd4 exd3 58. Nb3 Ke3 59. Kg2 Na7 60. Kf1 Nb5 61. Ke1 Na7 62. Kd1 Nc6 63. Ke1 Na7 64. Kd1 1/2-1/2

[Event "GER-ch Women 2020"]
[Site "Magdeburg"]
[Date "2020.08.18"]
[Round "3.6"]
[White "Rogozenco, Teodora"]
[Black "Brunner, Sophia"]
[Result "1-0"]
[ECO "D53"]
[WhiteElo "1979"]
[BlackElo "1881"]
[Annotator "RC"]
[PlyCount "49"]
[EventDate "2020.08.16"]
[EventType "swiss"]
[EventCountry "GER"]
[SourceTitle "playchess.com"]
[Source "ChessBase"]
[SourceQuality "1"]
[TimeControl "40/5400+30:1800+30"]

1. d4 Nf6 2. c4 e6 3. Nc3 d5 4. Bg5 Be7 5. e3 Nbd7 6. Nf3 b6 7. cxd5 Nxd5 8. Nxd5 exd5 9. Bxe7 Qxe7 10. Rc1 Nb8 11. Bb5+ Bd7 12. Bxd7+ Qxd7 13. Ne5 Qb5 14. Rxc7 O-O 15. Qe2 Qa5+ 16. Rc3 f6 17. Nd3 Qxa2 18. O-O a5 19. Nf4 Na6 20. Rfc1 Qa4 21. Nxd5 Rfb8 22. Qg4 Kf7 23. Rc7+ Nxc7 24. Rxc7+ Ke8 25. Qe6+ 1-0

[Event "GER-ch Women 2020"]
[Site "Magdeburg"]
[Date "2020.08.18"]
[Round "3.11"]
[White "Kopylov, Luba"]
[Black "Roos, Karin"]
[Result "1-0"]
[ECO "E80"]
[WhiteElo "2027"]
[BlackElo "1772"]
[Annotator "RC"]
[PlyCount "55"]
[EventDate "2020.08.16"]
[EventType "swiss"]
[EventCountry "GER"]
[SourceTitle "playchess.com"]
[Source "ChessBase"]
[SourceQuality "1"]
[TimeControl "40/5400+30:1800+30"]

1. d4 Nf6 2. c4 g6 3. Nc3 Bg7 4. e4 d6 5. f3 Nbd7 6. Be3 O-O 7. Qd2 e5 8. d5 a5 9. Nge2 Nc5 10. O-O-O Bd7 11. g4 Qe8 12. Ng3 Ba4 13. Nxa4 Qxa4 14. Kb1 Nfd7 15. Rg1 Nb6 16. Qc1 Na6 17. b3 Qb4 18. Bh6 a4 19. Nf5 axb3 20. a3 b2 21. Ne7+ Kh8 22. Bxg7+ Kxg7 23. Nf5+ Kh8 24. Qh6 Rg8 25. axb4 Nxb4 26. Rg3 gxf5 27. Qf6+ Rg7 28. gxf5 1-0

[Event "GER-ch Women 2020"]
[Site "Magdeburg"]
[Date "2020.08.18"]
[Round "4.1"]
[White "Voicu-Jagodzinsky, Carmen"]
[Black "Bashylina, Luisa"]
[Result "1/2-1/2"]
[ECO "A05"]
[WhiteElo "2244"]
[BlackElo "1975"]
[Annotator "ChessBase"]
[PlyCount "50"]
[EventDate "2020.08.16"]
[EventType "swiss"]
[EventCountry "GER"]
[SourceTitle "playchess.com"]
[Source "ChessBase"]
[SourceQuality "1"]
[TimeControl "40/5400+30:1800+30"]

1. Nf3 Nf6 2. c4 c6 3. g3 d5 4. Bg2 Bf5 5. b3 h6 6. Bb2 e6 7. O-O Be7 8. d3 O-O 9. Nbd2 Nbd7 10. Qc2 Bh7 11. Rac1 Re8 12. Rfe1 a5 13. a3 Qb6 14. cxd5 exd5 15. Qc3 Bd6 16. e4 dxe4 17. dxe4 Ne5 18. Nd4 c5 19. Nf5 Bf8 20. Nc4 Nxc4 21. Qxc4 Qe6 22. Qxe6 Rxe6 23. f3 Bxf5 24. exf5 Rb6 25. Re3 a4 1/2-1/2

[Event "GER-ch Women 2020"]
[Site "Magdeburg"]
[Date "2020.08.18"]
[Round "4.2"]
[White "Burchardt, Brigitte"]
[Black "Dietrich, Mareike"]
[Result "1-0"]
[ECO "B20"]
[WhiteElo "2091"]
[BlackElo "1699"]
[Annotator "ChessBase"]
[PlyCount "77"]
[EventDate "2020.08.16"]
[EventType "swiss"]
[EventCountry "GER"]
[SourceTitle "playchess.com"]
[Source "ChessBase"]
[SourceQuality "1"]
[TimeControl "40/5400+30:1800+30"]

1. e4 c5 2. b3 d5 3. exd5 Qxd5 4. Nc3 Qe5+ 5. Qe2 Qxe2+ 6. Bxe2 Nf6 7. Bf3 Na6 8. a3 e6 9. Bb2 Nc7 10. Nge2 Rb8 11. O-O-O Bd6 12. Ng3 O-O 13. Nge4 Be7 14. d4 cxd4 15. Rxd4 Ncd5 16. Nxd5 Nxd5 17. c4 Nf6 18. Nd6 Rd8 19. Rhd1 Kf8 20. h3 b6 21. Nb5 Rxd4 22. Nxd4 Bd7 23. Nc6 Bxc6 24. Bxc6 Rc8 25. Bb5 Ne4 26. f3 Nc5 27. b4 a6 28. bxc5 axb5 29. cxb6 Rb8 30. cxb5 Rxb6 31. a4 Bg5+ 32. Kc2 Ke7 33. Kb3 Bf4 34. Bd4 Rb7 35. Bc5+ Ke8 36. Kc4 Bc7 37. Rb1 Kd7 38. b6 Bd6 39. Rd1 1-0